cohdb
Replays
Latest Replays
All Replays
Popular Replays
Top Player Replays
Match Explorer
How It Works
Community
CoH3 Stats
Reddit
Sign in to upload your games and track your stats! →
Sign in with Steam
Match 47479717
Unlisted
Match 47479717
Overview
Messages
Build Orders
End
Construct Weapon Support Center
Selects Armored Battlegroup
Bazooka Squad
Engineer Squad
M1919 Machine Gun Team
Air Support Center
M1919 Machine Gun Team
Selects Veteran Crews
Grasshopper Recon Run
P-47 Strafing Run
P-47 Dive Bomb
M3 Armored Personnel Carrier
Engineer Squad
P-47 Strafing Run
Construct Motor Pool
Grasshopper Recon Run
Selects Strength in Steel
Selects M31 Recovery Vehicle
M8 Greyhound Armored Car
P-47 Strafing Run
Double Sortie
Grasshopper Recon Run
P-47 Dive Bomb
P-47 Strafing Run
M24 Chaffee Light Tank
Grasshopper Recon Run
P-47 Dive Bomb
P-47 Strafing Run
Construct Barracks
Selects War Machine
Grasshopper Recon Run
Riflemen Squad
Riflemen Squad
P-47 Dive Bomb
P-47 Strafing Run
Bazooka Squad
Grasshopper Recon Run
Improved M9 Bazooka Rockets
Grenade Package
P-47 Strafing Run
P-47 Dive Bomb
Scooter
中國狗比人多
CommieRed
Thank You Chef
0
0
Comments
sign in to comment!
No comments posted yet!